 Dungeon Crawl Stone Soup version 0.26.0-91-g99b343417d (webtiles) character file.

Game seed: 14889536165934629343

11 Gadfly the Sneak (level 2, 0/15 HPs)
             Began as a Vampire Enchanter on Feb 4, 2021.
             Slain by a goblin
             ... wielding a cursed -3 club
              (5 damage)
             ... on level 1 of the Dungeon.
             The game lasted 00:00:44 (355 turns).

Gadfly the Sneak (Vampire Enchanter)                 Turns: 355, Time: 00:00:45

Health: 0/15       AC:  2    Str:  7    XL:     2   Next: 17%
Magic:  5/5        EV: 13    Int: 17    God:
Gold:   21         SH:  0    Dex: 14    Spells: 2/5 levels left

rFire    . . .     SeeInvis +   b - +0 dagger (venom)
rCold    + + .     Faith    .   (no shield)
rNeg     + + +     Spirit   .   e - +0 robe
rPois    ∞         Reflect  .   (no helmet)
rElec    .         Harm     .   (no cloak)
rCorr    .         Rampage  .   (no gloves)
Will     .....                  (no boots)
Stlth    +++++.....             (no amulet)
HPRegen  0.00/turn              (no ring)
MPRegen  0.09/turn              (no ring)

@: bloodless
A: fangs 3, see invisible, unbreathing
a: Revivify


You were on level 1 of the Dungeon.
You visited 1 branch of the dungeon, and saw 1 of its levels.

You collected 21 gold pieces.

Inventory:

Hand Weapons
 a - a +1 dagger
 b - a +0 dagger of venom (weapon)
Armour
 e - a +0 robe (worn)
Scrolls
 d - a scroll of amnesia {unknown}
Potions
 c - a potion of heal wounds {unknown}
 f - a potion of brilliance {unknown}


   Skills:
 + Level 0.2 Fighting
 + Level 1.2 Short Blades
 + Level 2.3 Dodging
 * Level 4.7 Stealth
 + Level 2.1 Spellcasting
 + Level 4.5 Hexes
 + Level 0.2 Evocations


You had 2 spell levels left.
You knew the following spells:

 Your Spells              Type           Power        Failure   Level
a - Corona                Hex            18%          3%          1
b - Ensorcelled Hibernat  Hex/Ice        18%          12%         2

Your spell library contained the following spells:

 Spells                   Type           Power        Failure   Level
 Confusing Touch          Hex            17%          9%          3
 Tukima's Dance           Hex            17%          9%          3
 Dazzling Flash           Conj/Hex       18%          22%         3


Dungeon Overview and Level Annotations

Branches:
Dungeon (1/15)

Altars:


Innate Abilities, Weirdness & Mutations

You do not regenerate when monsters are visible.
You are frail without blood (-20% HP).
You can heal yourself when you bite living creatures.
You are immune to poison.
You have razor-sharp teeth.
You have supernaturally acute eyesight. (SInv)
You can survive without breathing.


Message History

The jackal closely misses you.
You hit the jackal but do no damage.
The jackal looks as sick as possible!
The jackal is severely wounded.
The jackal closely misses you.
The jackal bites you but does no damage.
The goblin barely misses you. The jackal barely misses you.
The jackal bites you. The jackal misses you.
You hit the jackal.
You kill the jackal!
The jackal bites you but does no damage.
The jackal barely misses you.
The jackal bites you but does no damage.
The goblin barely misses you. The jackal bites you.
You hit the jackal but do no damage. Your bite misses the jackal.
The jackal barely misses you. x3; The goblin hits you but does no damage.
The jackal closely misses you. x2
You hit the jackal but do no damage. The jackal bites you. x2
The jackal barely misses you.
The goblin hits you with a cursed -3 club.
You die...

#. .. #.# #.# ###.#
#.# #.# . ...## #.#
#.#####..
#..####.###....[...
#....##...#........
#†...##...#........
#....##...#hh......
#....'.....@g......
#....##.###†h......
##.####'####.#
#........
.............#
##.......
#######..###.#
......# ##)###.#
......#
#).##.###########
##.#.....#
#[......#######


You could see 3 jackals and a goblin.

Vanquished Creatures
  A dart slug (D:1)
  2 giant cockroaches (D:1)
  3 hobgoblins (D:1)
  A jackal (D:1)
  A kobold (D:1)
8 creatures vanquished.

Notes
Turn   | Place    | Note
-------+----------+-------------------------------------------
     0 | D:1      | Gadfly the Vampire Enchanter began the quest for the Orb.
     0 | D:1      | Reached XP level 1. HP: 13/13 MP: 3/3
   324 | D:1      | Reached XP level 2. HP: 15/15 MP: 5/5
   331 | D:1      | Learned a level 2 spell: Ensorcelled Hibernation
   355 | D:1      | Slain by a goblin

Illustrated notes

Levels and vault maps discovered:
D:1:      lemuel_arrival_behind_the_door_small, layout_basic

Action                   || total
-------------------------++-------
Melee: Dagger            ||    29
       Bite              ||     1
 Cast: Corona            ||     3
 Abil: Exsanguinate      ||     1
 Stab: Sleeping          ||     3
Armor: Robe              ||     6
Dodge: Dodged            ||    33
